 Dungeon Crawl Stone Soup version 0.32-a0-473-gd044c6f0f0 (webtiles) character file.

Game seed: 7525756501707615801

28 runemasterragnar the Slasher (level 3, 0/28 HPs)
             Began as a Coglin Gladiator on Feb 26, 2024.
             Frozen to death by an endoplasm (2 damage)
             ... on level 2 of the Dungeon.
             The game lasted 00:00:48 (609 turns).

runemasterragnar the Slasher (Coglin Gladiator)      Turns: 609, Time: 00:00:48

Health: 0/28       AC:  4    Str: 16    XL:     3   Next: 12%
Magic:  3/3        EV: 12    Int:  7    God:
Gold:   37         SH:  0    Dex: 15    Spells: 2/2 levels left

rFire   . . .        a - +0 long sword {Fernando}
rCold   . . .        (no shield)
rNeg    . . .        b - +0 leather armour
rPois   .            c - +0 helmet
rElec   .            (no cloak)
rCorr   .            (no gloves)
SInv    .            (no boots)
Will    .....        (no amulet)
Stlth   +            (ring unavailable)
HPRegen 0.24/turn    (ring unavailable)
MPRegen 0.08/turn

%: no passive effects
@: revved
A: off-hand wielding, slow wielding, warmup strikes, no rings
a: no special abilities


You were on level 2 of the Dungeon.
You visited 1 branch of the dungeon, and saw 2 of its levels.

You collected 37 gold pieces.

Inventory:

Hand Weapons
 a - a +0 long sword (weapon) {Fernando}
Missiles
 d - 3 throwing nets (quivered)
 e - a javelin
Armour
 b - a +0 leather armour (worn)
 c - a +0 helmet (worn)
Potions
 f - a potion of lignification {unknown}


   Skills:
 + Level 2.5 Fighting
 * Level 3.8 Long Blades
 - Level 1.7 Throwing
 - Level 2.6 Dodging


You had 2 spell levels left.
You didn't know any spells.
Your spell library was empty.

Dungeon Overview and Level Annotations

Branches:
Dungeon (2/15)

Altars:

Shops:
D:1 =

Annotations:
D:2 1 runed translucent door, Crazy Yiuf, Terence


Innate Abilities, Weirdness & Mutations

You can wield a second weapon in your off-hand.
It takes a long time for you to wield or remove held weapons.
Your first few attacks do less damage.
Your grasper-arms cannot wear rings.


Message History

Terence is moderately wounded.
Terence says, "You're history."
Terence hits you with a +0 hand axe! The endoplasm freezes you.
You are frozen.
Terence closely misses you.
There are monsters nearby!
You barely miss Terence.
Terence is moderately wounded.
Terence hits you but does no damage. The endoplasm freezes you.
You are frozen.
You hit Terence.
Terence is heavily wounded.
Terence closely misses you. The endoplasm freezes you.
You are frozen.
There are monsters nearby!
You are too injured to fight recklessly!
You are too injured to fight recklessly!
You are too injured to fight recklessly!
You are too injured to fight recklessly!
You are too injured to fight recklessly!
You are too injured to fight recklessly!
You hit Terence but do no damage.
Terence is heavily wounded.
Terence closely misses you. The endoplasm hits you.
You hit Terence but do no damage.
Terence is heavily wounded.
Terence hits you with a +0 hand axe.
* * * LOW HITPOINT WARNING * * *
The endoplasm hits you but does no damage.
You slash Terence!
Terence is almost dead.
Terence hits you with a +0 hand axe.
* * * LOW HITPOINT WARNING * * *
The endoplasm barely misses you. Terence hits you with a +0 hand axe.
* * * LOW HITPOINT WARNING * * *
The endoplasm freezes you.
You are frozen.
You die...

#.# .. #.# ...
#.####.# #.#....#
#......## ##........
######.@...?...
.......@J......#.#
######...........#
##########>......##.#
.........†....$.###.#
######.####...## #.#
#.# #### #.# #.# #.#
#.# ########<# #.#
#.[......#


You could see Terence and an endoplasm.

Vanquished Creatures
  2 ball pythons (D:1)
  2 endoplasms (D:1)
  A giant cockroach (D:2)
  4 goblins (D:1)
  2 hobgoblins (D:1)
  3 kobolds (D:1)
  2 quokkas (D:1)
  3 bats (D:1)
  2 frilled lizards
  4 rats (D:1)
25 creatures vanquished.

Notes
Turn   | Place    | Note
-------+----------+-------------------------------------------
     0 | D:1      | runemasterragnar the Coglin Gladiator began the quest for
                  | the Orb.
     0 | D:1      | Reached XP level 1. HP: 16/16 MP: 1/1
   135 | D:1      | Reached XP level 2. HP: 22/22 MP: 2/2
   328 | D:1      | Found a faded altar of an unknown god.
   482 | D:1      | Reached XP level 3. HP: 28/28 MP: 3/3
   495 | D:1      | Found Dutech's One-of-a-Kind Rings.
   575 | D:2      | Found a runed translucent door.
   576 | D:2      | Noticed Crazy Yiuf
   600 | D:2      | Noticed Terence
   609 | D:2      | Frozen to death by an endoplasm

Illustrated notes

Levels and vault maps discovered:
D:1:      lightli_arrival_quake, layout_rooms,
          hellmonk_ecumenical_altar_crossroads, nicolae_shop_unique_rings
D:2:      layout_loops_ring, basic_altar, roderic_roman_lattice,
          nicolae_twisty_statue_hallways, uniq_terence, uniq_crazy_yiuf_cottage

Action                     || total
---------------------------++-------
  Melee: Long sword        ||    67
 Armour: Leather armour    ||    37
  Dodge: Dodged            ||    67

Table legend: (Time is in decaauts)
 A = Elapsed time spent in this place.
 B = Non-inter-level travel time spent in this place.
 C = Inter-level travel time spent in this place.
 D = Time resting spent in this place.
 E = Time spent auto-exploring this place.
 F = Levels seen in this place.
 G = Mean time per level.
                   A        B        C        D        E       F      G
               +--------+--------+--------+--------+--------+-----+--------+
         Total |    622 |    622 |      0 |      0 |    458 |   2 |  311.0 |
       Dungeon |    622 |    622 |      0 |      0 |    458 |   2 |  311.0 |
               +--------+--------+--------+--------+--------+-----+--------+

Top non-repeatable levels by time:
     D:1: 555 daAuts
     D:2: 67 daAuts
